 Dungeon Crawl Stone Soup version 0.20.1-1-g8b1a95d (webtiles) character file.

240 pogchamp the Stinger (level 6, -6/38 HPs)
             Began as an Octopode Transmuter on July 9, 2017.
             Mangled by a gnoll
             ... wielding a +0 spear
              (11 damage)
             ... on level 3 of the Dungeon.
             The game lasted 00:07:19 (2757 turns).

pogchamp the Stinger (Octopode Transmuter)          Turns: 2757, Time: 00:07:20

Health: -6/38      AC:  1    Str:  9    XL:     6   Next: 8%
Magic:  5/9        EV: 13    Int: 17    God:
Gold:   91         SH:  0    Dex: 13    Spells: 3/9 levels left

rFire    . . .     SeeInvis .     - Unarmed
rCold    . . .     Gourm    .   (no shield)
rNeg     . . .     Faith    .   (helmet restricted)
rPois    .         Spirit   .   (no amulet)
rElec    .         Reflect  .   (no ring)
rCorr    .         Harm     .   (no ring)
MR       .....                  (no ring)
Stlth    ++........             (no ring)
Regen    0.2/turn               (no ring)
MPRegen  0.2/turn               (no ring)
                                (no ring)
                                (no ring)

@: very slightly contaminated
A: almost no armour, stealthy swim, amphibious, 8 rings, constrict 8, camouflage
1, gelatinous body 1
a: no special abilities


You were on level 3 of the Dungeon.
You were not hungry.

You visited 1 branch of the dungeon, and saw 3 of its levels.

You collected 91 gold pieces.

Inventory:

Missiles
 a - 85 arrows
 i - 52 stones (quivered)
Armour
 n - a +0 buckler
Scrolls
 d - a scroll of teleportation
 g - 2 scrolls of enchant weapon
 h - a scroll of enchant armour
 k - a scroll of remove curse
Potions
 e - a potion of cancellation {unknown}
 f - a potion of lignification
 l - a potion of curing
 m - a potion of invisibility
 o - a potion of ambrosia {unknown}
Books
 b - a book of Changes

   Spells                             Type                      Level
   a - Beastly Appendage              Transmutation                1
   b - Sticks to Snakes               Transmutation                2
   c - Spider Form                    Transmutation/Poison         3
   d - Ice Form                       Ice/Transmutation            4
   e - Blade Hands                    Transmutation                5
 j - a book of Cantrips

   Spells                             Type                      Level
   a - Confusing Touch                Hexes                        1
   b - Animate Skeleton               Necromancy                   1
   c - Summon Small Mammal            Summoning                    1
   d - Apportation                    Translocation                1
Comestibles
 c - 2 bread rations


   Skills:
 - Level 1.0 Fighting
 - Level 2.0 Dodging
 - Level 3.0 Unarmed Combat
 - Level 2.0 Spellcasting
 + Level 4.3 Transmutations
 * Level 5.0 Poison Magic


You had 3 spell levels left.
You knew the following spells:

 Your Spells              Type           Power        Failure   Level  Hunger
a - Beastly Appendage     Tmut           ###...       3%          1    #......
b - Sticks to Snakes      Tmut           ###.....     4%          2    ###....
c - Spider Form           Tmut/Pois      ###.......   9%          3    ###....


Dungeon Overview and Level Annotations

Branches:
Dungeon (3/15)

Altars:


Innate Abilities, Weirdness & Mutations

You cannot wear most types of armour.
You are very stealthy in the water. (Stealth+)
You are amphibious.
You can wear up to eight rings at the same time.
You can use your tentacles to constrict eight enemies at once.
Your skin changes colour to match your surroundings (Stealth+).
Your rubbery body absorbs attacks. (AC +1, EV +1)


Message History

You see here a goblin corpse.
You tentacle-slap the gnoll. You grab the gnoll. You squeeze the gnoll!
The gnoll is severely wounded.
You constrict the gnoll. The gnoll hits you with a spear.
Casting: Spider Form
Confirm with . or Enter, or press ? or * to list all spells.
You miscast Spider Form.
You are very lightly contaminated with residual magic.
Nothing appears to happen.
You constrict the gnoll. The gnoll hits you with a spear!
* * * LOW HITPOINT WARNING * * *
Okay, then.
Unknown command.
Unknown command.
You release your grip on the gnoll.
The gnoll barely misses you.
Unknown command.
Unknown command.
Unknown command.
The gnoll hits you from afar with a spear!
You die...

..# #.# ###.# #.#
..#.# #.# #.#.#
#.## #.#.# #.##
#.#.#####...
#.#....).<..
########.#.###.###.
#.@........# #.....
#.######.#.###.###.
#g# #.#.....# #.
#.# #.####### #.
#†# #^# #. #.# #.#
#.# #.# #........#
#.######.#


You could see a gnoll.

Vanquished Creatures
  Crazy Yiuf (D:2)
  A killer bee zombie (D:3)
  4 gnolls (D:2)
  An adder (D:1)
  4 worms (D:2)
  2 dart slugs
  3 leopard geckos
  A giant cockroach (D:2)
  3 goblins
  7 hobgoblins
  A quokka (D:2)
  A ball python (D:1)
  7 bats
  5 frilled lizards (D:1)
  3 kobolds (D:1)
  7 rats
51 creatures vanquished.

Vanquished Creatures (collateral kills)
  Sigmund (D:2)
  2 gnolls (D:2)
  A frilled lizard (D:2)
4 creatures vanquished.

Grand Total: 55 creatures vanquished

Notes
Turn   | Place    | Note
-------+----------+-------------------------------------------
     0 | D:1      | pogchamp the Octopode Transmuter began the quest for the Orb.
     0 | D:1      | Reached XP level 1. HP: 13/13 MP: 3/3
   559 | D:1      | Reached XP level 2. HP: 18/18 MP: 3/5
   563 | D:1      | Learned a level 2 spell: Sticks to Snakes
   922 | D:1      | Reached XP level 3. HP: 14/23 MP: 4/6
  1089 | D:1      | Learned a level 3 spell: Spider Form
  1299 | D:2      | Reached skill level 1 in Poison Magic
  1336 | D:2      | Reached skill level 2 in Poison Magic
  1419 | D:2      | Noticed Sigmund
  1457 | D:1      | Reached XP level 4. HP: 16/28 MP: 2/7
  1788 | D:2      | Reached skill level 3 in Poison Magic
  2234 | D:2      | Reached XP level 5. HP: 27/33 MP: 4/8
  2449 | D:2      | Killed Sigmund
  2449 | D:2      | Reached skill level 4 in Poison Magic
  2500 | D:2      | Found a runed door.
  2505 | D:2      | Noticed Crazy Yiuf
  2524 | D:2      | Killed Crazy Yiuf
  2743 | D:3      | Reached skill level 5 in Poison Magic
  2743 | D:3      | Reached XP level 6. HP: 29/38 MP: 6/9
  2757 | D:3      | Mangled by a gnoll

Skill      XL: |  1  2  3  4  5 |
---------------+----------------+-----
Transmutations | 3 4 |  4.3
Poison Magic   | 2 3 5 |  5.0
Fighting       | |  1.0
Dodging        | |  2.0
Unarmed Combat | |  3.0
Spellcasting   | |  2.0

Action                   |  1- 3 |  4- 6 || total
-------------------------+-------+-------++-------
Melee: Unarmed           |    69 |    65 ||   134
       Constrict         |    21 |     4 ||    25
       Kick              |    12 |       ||    12
       Tentacles         |     3 |     6 ||     9
       Punch             |     1 |       ||     1
Throw: Stone             |     1 |       ||     1
 Cast: Beastly Appendage |    20 |     1 ||    21
       Sticks to Snakes  |     6 |     9 ||    15
       Spider Form       |       |     8 ||     8
  Use: Scroll            |     3 |     3 ||     6
 Stab: Sleeping          |     1 |     3 ||     4
  Eat: Chunk             |     2 |     6 ||     8
Armor: Skin              |    13 |     3 ||    16
Dodge: Dodged            |    50 |    69 ||   119
